 Dungeon Crawl Stone Soup version 0.27.0-1-g7a089689b8 (webtiles) character file.

Game seed: 12352048374280696886

440 freelancePsychic the Shooter (level 6, 0/57 HPs)
             Began as a Minotaur Hunter on Aug 8, 2021.
             Slain by Dowan (1 damage)
             ... on level 4 of the Dungeon.
             The game lasted 00:04:11 (2747 turns).

freelancePsychic the Shooter (Minotaur Hunter)      Turns: 2747, Time: 00:04:12

Health: 0/57       AC:  8    Str: 19    XL:     6   Next: 70%
Magic:  5/5        EV: 12    Int:  8    God:
Gold:   157        SH:  0    Dex: 10    Spells: 5/5 levels left

rFire    . . .     SeeInvis .   a - +2 shortbow
rCold    . . .     Faith    .   (shield currently unavailable)
rNeg     . . .     Spirit   .   j - +0 chain mail
rPois    .         Reflect  .   (helmet restricted)
rElec    .         Harm     .   (no cloak)
rCorr    .         Rampage  .   (no gloves)
Will     .....                  (no boots)
Stlth    ..........             (no amulet)
HPRegen  0.19/turn              l - +4 ring of evasion
MPRegen  0.09/turn              (no ring)

@: no status effects
A: horns 2, retaliatory headbutt
a: no special abilities


You were on level 4 of the Dungeon.
You visited 1 branch of the dungeon, and saw 4 of its levels.

You collected 157 gold pieces.

Inventory:

Hand Weapons
 a - a +2 shortbow (weapon)
 b - a +0 short sword
Missiles
 d - 49 arrows (quivered ammo)
Armour
 c - a +0 leather armour
 j - a +0 chain mail (worn)
Jewellery
 l - a +4 ring of evasion (left hand)
Scrolls
 e - a scroll of enchant weapon
 h - a scroll of identify {@r1}
 k - a scroll of teleportation {@r4}
Potions
 g - a potion of lignification {unknown}
 i - a potion of brilliance {unknown}


   Skills:
 + Level 6.0 Fighting
 + Level 6.7 Bows
 + Level 2.7 Armour
 - Level 2.2 Dodging
 - Level 0.8 Stealth


You had 5 spell levels left.
You didn't know any spells.
Your spell library was empty.

Dungeon Overview and Level Annotations

Branches:
Dungeon (4/15)
 Temple: D:4-7

Altars:

Annotations:
D:4 Dowan, Menkaure


Innate Abilities, Weirdness & Mutations

You have a pair of horns on your head.
You reflexively headbutt those who attack you in melee.


Message History

Dowan hits you with a +0 dagger.
Fire: 55 arrows
Press: ? - help, Q - select action Shift-Dir - straight line, f/p - Dowan
Aim: Dowan, wielding a +0 dagger and wearing a +2 robe of fire resistance (heavily wounded, fast, 56% to hit)
You shoot an arrow. The arrow completely misses Dowan.
Dowan says, "How can I live without her?"
Dowan hits you with a +0 dagger. Dowan barely misses you.
There is a stone staircase leading up here.
Fire: 54 arrows
Press: ? - help, Q - select action Shift-Dir - straight line, f/p - Dowan
Aim: Dowan, wielding a +0 dagger and wearing a +2 robe of fire resistance (heavily wounded, fast, 54% to hit)
You shoot an arrow. The arrow closely misses Dowan.
Dowan hits you but does no damage. Dowan hits you with a +0 dagger.
Fire: 53 arrows
Press: ? - help, Q - select action Shift-Dir - straight line, f/p - Dowan
Aim: Dowan, wielding a +0 dagger and wearing a +2 robe of fire resistance (heavily wounded, fast, 54% to hit)
You shoot an arrow. The arrow closely misses Dowan.
Dowan barely misses you.
Menkaure gestures wildly while chanting.
Menkaure seems to speed up.
Fire: 52 arrows
Press: ? - help, Q - select action Shift-Dir - straight line, f/p - Dowan
Aim: Dowan, wielding a +0 dagger and wearing a +2 robe of fire resistance (heavily wounded, fast, 56% to hit)
You shoot an arrow. The arrow barely misses Dowan.
Dowan barely misses you. Dowan closely misses you.
Fire: 51 arrows
Press: ? - help, Q - select action Shift-Dir - straight line, f/p - Dowan
Aim: Dowan, wielding a +0 dagger and wearing a +2 robe of fire resistance (heavily wounded, fast, 56% to hit)
You shoot an arrow. The arrow barely misses Dowan.
Dowan hits you with a +0 dagger.
Fire: 50 arrows
Press: ? - help, Q - select action Shift-Dir - straight line, f/p - Dowan
Aim: Dowan, wielding a +0 dagger and wearing a +2 robe of fire resistance (heavily wounded, fast, 56% to hit)
You shoot an arrow. The arrow hits Dowan.
Dowan is severely wounded.
Dowan points at you and mumbles some strange words.
The shard of ice hits you!!
* * * LOW HITPOINT WARNING * * *
Dowan hits you with a +0 dagger.
You die...

##..##.....### ..
##.....#..# .#
###....###..# ..#
...##.## #..# #.# #.
#..# #..##.# ##.
##.###..#..## #.##..
##.##.......#
#.....###........#....#
#..@eM.(##.)..# ##..
#.####..##....# ##
#..##(.).# ...
#..##..))# ....
#...#.)..#####. #..#
#...§....(.....
.##..##.†.....##M(...
........#...(..###...
.......#...##....# (.


You could see Menkaure (fast) and Dowan (fast).

Vanquished Creatures
  Duvessa (D:4)
  A jelly (D:2)
  Natasha (twice) (D:3)
  An iguana (D:4)
  An orc wizard (D:4)
  7 gnolls (D:2)
  4 adders
  4 dart slugs
  7 orcs
  7 ball pythons
  7 bats
  4 endoplasms
  5 giant cockroaches
  8 goblins
  4 hobgoblins
  11 jackals
  3 quokkas
  7 frilled lizards
  7 kobolds
  3 rats
94 creatures vanquished.

Notes
Turn   | Place    | Note
-------+----------+-------------------------------------------
     0 | D:1      | freelancePsychic the Minotaur Hunter began the quest for
                  | the Orb.
     0 | D:1      | Reached XP level 1. HP: 18/18 MP: 0/0
   120 | D:1      | Reached XP level 2. HP: 25/25 MP: 1/1
   426 | D:1      | Reached XP level 3. HP: 31/31 MP: 2/2
   433 | D:1      | Reached skill level 5 in Bows
   842 | D:2      | Reached XP level 4. HP: 40/40 MP: 3/3
  1326 | D:2      | Reached XP level 5. HP: 47/47 MP: 4/4
  1457 | D:2      | Reached skill level 5 in Fighting
  2017 | D:3      | Noticed Natasha
  2022 | D:3      | Killed Natasha
  2176 | D:3      | Reached skill level 1 in Armour
  2340 | D:3      | Found a faded altar of an unknown god.
  2419 | D:3      | Noticed Natasha
  2427 | D:3      | Killed Natasha
  2428 | D:3      | Reached XP level 6. HP: 55/56 MP: 5/5
  2713 | D:4      | Noticed Dowan
  2714 | D:4      | Noticed Duvessa
  2728 | D:4      | Noticed Menkaure
  2729 | D:4      | Killed Duvessa
  2746 | D:4      | HP: 1/57 [Dowan/shard of ice (18)]
  2747 | D:4      | Slain by Dowan

Illustrated notes

Levels and vault maps discovered:
D:1:      dpeg_arrival_tiny_f, layout_loops_cross, serial_park_tiny_2,
          minmay_misc_feat_secret_circle, chequers_serial_rivers_micro_c,
          minmay_misc_feat_doors, minmay_lizard_pond
D:2:      layout_basic, minivault_24, minmay_misc_feat_cross
D:3:      layout_basic, shapermc_ecumenical_altar_venn,
          minmay_misc_feat_more_columns, kennysheep_another_room, uniq_natasha
D:4:      cheibrodos_pilgrimage, layout_layer_cave, uniq_duvessa, uniq_menkaure

Skill      XL: |  1  2  3  4  5  6 |
---------------+-------------------+-----
Fighting       | 3 4 5 6 |  6.0
Bows           | 5 6 |  6.7
Armour         | 1 2 |  2.7
Dodging        | |  2.2
Stealth        | |  0.8

Action                   |  1- 3 |  4- 6 || total
-------------------------+-------+-------++-------
Melee: Shortbow          |       |     2 ||     2
 Fire: Shortbow          |    86 |   171 ||   257
  Use: Scroll            |       |     2 ||     2
       Potion            |       |     2 ||     2
Armor: Leather armour    |    13 |     4 ||    17
       Chain mail        |       |    17 ||    17
Dodge: Dodged            |    23 |    35 ||    58
